 Dungeon Crawl Stone Soup version 0.20.0-10-g0535bb4 (webtiles) character file.

1388 IcyNumb the Spear-Bearer (level 8, -2/52 HPs)
             Began as an Octopode Fighter on June 5, 2017.
             Slain by an orc warrior
             ... wielding a +0 long sword
              (25 damage)
             ... on level 6 of the Dungeon.
             The game lasted 00:12:51 (5776 turns).

IcyNumb the Spear-Bearer (Octopode Fighter)         Turns: 5776, Time: 00:12:52

Health: -2/52      AC:  1    Str: 16    XL:     8   Next: 67%
Magic:  8/8        EV: 14    Int: 10    God:
Gold:   165        SH:  8    Dex: 13    Spells: 7/7 levels left

rFire    . . .     SeeInvis .   a - +0 trident
rCold    . . .     Gourm    .   p - +0 buckler
rNeg     . . .     Faith    .   (helmet restricted)
rPois    .         Spirit   .   (no amulet)
rElec    .         Reflect  .   (no ring)
rCorr    .         Harm     .   (no ring)
MR       .....     Clarity  +   (no ring)
Stlth    ++........             (no ring)
Regen    0.2/turn               (no ring)
MPRegen  0.2/turn               (no ring)
                                (no ring)
                                (no ring)

@: no status effects
A: almost no armour, stealthy swim, amphibious, 8 rings, constrict 8, large bone
plates 1, camouflage 1, clarity, gelatinous body 1
a: no special abilities


You were on level 6 of the Dungeon.
You were not hungry.

You visited 1 branch of the dungeon, and saw 6 of its levels.

You collected 247 gold pieces.
You spent 82 gold pieces at shops.

Inventory:

Hand Weapons
 a - a +0 trident (weapon)
Armour
 b - a +0 shield
 p - a +0 buckler (worn)
Wands
 v - a wand of random effects (19/48)
Scrolls
 e - 3 scrolls of blinking {unknown}
 h - a scroll of fear
 i - a scroll of magic mapping {unknown}
 m - 2 scrolls of identify
 o - 2 scrolls of enchant weapon
 s - 2 scrolls of teleportation {unknown}
Potions
 c - a potion of might
 j - 2 potions of berserk rage
 l - 3 potions of haste
 q - a potion of resistance
 u - 2 potions of mutation
 w - a potion of ambrosia {unknown}
Books
 t - a book of Misfortune

   Spells                             Type                      Level
   a - Confusing Touch                Hexes                        1
   b - Confuse                        Hexes                        3
   c - Gell's Gravitas                Translocation                3
   d - Petrify                        Transmutation/Earth          4
   e - Metabolic Englaciation         Hexes/Ice                    5
   f - Yara's Violent Unravelling     Hexes/Transmutation          5
Comestibles
 d - 3 bread rations
 f - 2 royal jellies
 g - 4 meat rations
 r - 7 fruits


   Skills:
 - Level 3.0 Fighting
 * Level 10.5 Polearms
 - Level 3.0 Dodging
 - Level 3.0 Shields


You had 7 spell levels left.
You didn't know any spells.

Dungeon Overview and Level Annotations

Branches:
Dungeon (6/15)
 Temple: D:4-7

Altars:
Qazlal
Yredelemnul

Shops:
D:4 ?   D:5 %

Annotations:
D:5 5 runed doors


Innate Abilities, Weirdness & Mutations

You cannot wear most types of armour.
You are very stealthy in the water. (Stealth+)
You are amphibious.
You can wear up to eight rings at the same time.
You can use your tentacles to constrict eight enemies at once.
Your skin changes colour to match your surroundings (Stealth+).
Your rubbery body absorbs attacks. (AC +1, EV +1)
You are partially covered in large bone plates. (SH +4)
You possess an exceptional clarity of mind.


Message History

Aim: an orc warrior, wielding a long sword and wearing a plate armour (severely wounded)
You reach to attack!
You hit the orc warrior but do no damage.
The orc warrior is severely wounded.
Attack whom?
Press: ? - help, Dir - move target cursor, f/p - orc warrior
Aim: an orc warrior, wielding a long sword and wearing a plate armour (severely wounded)
You barely miss the orc warrior. You grab the orc warrior.
The orc warrior is severely wounded.
You constrict the orc warrior. You block the orc warrior's attack.
You barely miss the orc warrior.
The orc warrior is severely wounded.
You constrict the orc warrior, but do no damage.
The orc wizard casts a spell.
The orc wizard blinks!
You hit the orc warrior.
The orc warrior is severely wounded.
You constrict the orc warrior, but do no damage.
The orc warrior hits you with a long sword!!
You die...

#.## #...##..##
##.# #...
##.......###....
... ##..###<....#
.o #..## ##...## #.
#.## ##...# #o###
##.# #..##...
##..###..# #..# ###
#.#o##...######..#
#..oo@.#.........##
#.#.####...[......#
####..#
##.####.#..##
#.#...#
#..##......###
##....#
#..#...)......
#######
#....###....##
##.....#
#...####....#
#.....##
#...###.....##
###....#
#..###..###.##


You could see an orc warrior, an orc wizard and 2 orcs.

Vanquished Creatures
  5 ogres
  4 bullfrogs
  A water moccasin zombie (D:6)
  A scorpion (D:4)
  2 crimson imps
  A centaur skeleton (D:5)
  2 hounds
  2 orc priests
  A bullfrog skeleton (D:5)
  3 orc wizards
  An iguana (D:5)
  A worker ant (D:4)
  A worker ant zombie (D:6)
  5 adders
  A shadow imp (D:5)
  3 oozes
  An adder skeleton (D:5)
  4 worms
  A leopard gecko (D:4)
  25 orcs
  3 giant cockroaches
  10 goblins
  8 hobgoblins
  5 jackals
  5 quokkas
  A ball python (D:1)
  5 bats
  9 frilled lizards
  A jackal skeleton (D:6)
  7 kobolds
  7 rats
126 creatures vanquished.

Vanquished Creatures (others)
  2 orc wizards (D:6)
2 creatures vanquished.

Grand Total: 128 creatures vanquished

Notes
Turn   | Place    | Note
-------+----------+-------------------------------------------
     0 | D:1      | IcyNumb the Octopode Fighter began the quest for the Orb.
     0 | D:1      | Reached XP level 1. HP: 16/16 MP: 1/1
   130 | D:1      | Reached XP level 2. HP: 21/21 MP: 2/2
   265 | D:1      | Reached skill level 3 in Polearms
   649 | D:1      | Reached XP level 3. HP: 26/26 MP: 3/3
   864 | D:2      | Reached skill level 4 in Polearms
   896 | D:2      | Reached XP level 4. HP: 26/31 MP: 4/4
   949 | D:2      | Found a basalt altar of Yredelemnul.
   952 | D:2      | Found a stormy altar of Qazlal.
  1348 | D:3      | Reached skill level 5 in Polearms
  1353 | D:3      | Reached XP level 5. HP: 35/36 MP: 5/5
  2255 | D:4      | Reached skill level 6 in Polearms
  2255 | D:4      | Reached XP level 6. HP: 12/42 MP: 6/6
  2778 | D:4      | Found Nilonas's Magic Scroll Shop.
  2791 | D:4      | Bought a scroll of enchant weapon for 82 gold pieces
  2939 | D:4      | Reached skill level 7 in Polearms
  3438 | D:5      | Entered Level 5 of the Dungeon
  3438 | D:5      | Noticed a soldier ant
  3441 | D:5      | Noticed a soldier ant
  3450 | D:5      | Found a runed gate.
  3451 | D:5      | Found a runed door.
  3510 | D:5      | Found Liosauna's Food Emporium.
  3547 | D:5      | Reached XP level 7. HP: 46/46 MP: 7/7
  3628 | D:5      | Found a runed door.
  3659 | D:5      | Noticed a soldier ant
  3660 | D:5      | Noticed a soldier ant
  3660 | D:5      | Found a runed gate.
  3679 | D:5      | Found a runed gate.
  3885 | D:5      | Reached skill level 8 in Polearms
  4209 | D:5      | Gained mutation: You possess an exceptional clarity of mind. [potion of mutation]
  4209 | D:5      | Gained mutation: You are partially covered in large bone plates. (SH +4) [potion of mutation]
  4681 | D:6      | Reached skill level 9 in Polearms
  4681 | D:6      | Reached XP level 8. HP: 42/52 MP: 8/8
  5337 | D:6      | Reached skill level 10 in Polearms
  5776 | D:6      | Slain by an orc warrior

Skill      XL: |  1  2  3  4  5  6  7  8 |
---------------+-------------------------+-----
Polearms       | 3 4 5 6 7 9 10 | 10.5
Fighting       | |  3.0
Dodging        | |  3.0
Shields        | |  3.0

Action                   |  1- 3 |  4- 6 |  7- 9 || total
-------------------------+-------+-------+-------++-------
Melee: Trident           |    67 |   138 |   154 ||   359
       Constrict         |    14 |    25 |    27 ||    66
       Tentacles         |    10 |    19 |    33 ||    62
  Use: Scroll            |       |     5 |     4 ||     9
       Potion            |       |       |     2 ||     2
 Stab: Sleeping          |     3 |     8 |     4 ||    15
  Eat: Chunk             |       |     8 |     7 ||    15
Armor: Skin              |     3 |     1 |     1 ||     5
Dodge: Dodged            |    11 |    27 |    39 ||    77
Block: Shield            |    16 |    30 |       ||    46
       Buckler           |       |     1 |    22 ||    23
